Minoru, lawful male human Samurai --- --- |..-------.---- --- --...|.--......---.-------- |.....................|.|.-- --.................*........| |..........................- |...................%%..[..| ---.......................-- ---........|....<..---..| --.....- |.......|--..| --.....|--.-------|...-- |......|..*| |....| |-%......--- ---..-- ---- ----..........----- ----...| --..------.).......---...|.---.|...-- |).@....^..........| |......|.....-- -.&-#####......----- ---..........-- .(.-- |.......| ----..---...-- ---- |.......| ---- |....| --.--.--- ---..| ------ --- Minoru the Ninja Experience level: 7 Strength: 18/08 Dexterity: 15 Constitution: 18 Intelligence: 9 Wisdom: 9 Charisma: 6 Health: 0(71) Energy: 26(26) Def: 9 Gold: 437 Moves: 3517 Dungeon seed: 3E7ePCj5sOnXU0-z Game ID: Minoru_1654626479 Your Inventory: Coins $ - 437 gold pieces Weapons a - a +0 katana (weapon in hand) b - a +0 wakizashi c - a +0 yumi (alternate weapon; not wielded) d - 39 +0 ya (in quiver) f - a +0 bow m - 4 +0 darts E - 57 +0 arrows V - 8 cursed -1 arrows W - a cursed +1 bow Armor e - an uncursed rustproof +0 splint mail (being worn) n - a blessed +0 orcish helm named non-cursed (being worn) q - an uncursed +0 dwarvish cloak r - an uncursed +0 dwarvish iron helm z - a cursed +0 pair of iron shoes C - an uncursed +0 pair of iron shoes named non-cursed (being worn) Y - a cursed +0 dwarvish cloak named non-cursed (being worn) Scrolls P - a cursed scroll of identify R - an uncursed scroll of light Potions h - an uncursed potion of confusion S - a cursed potion of object detection Wands s - a wand of digging (0:4) B - a wand of digging (0:5) Tools g - an uncursed leash j - an uncursed osaku o - an uncursed tallow candle (0:200) y - an uncursed blindfold L - 7 uncursed wax candles (0:400) Q - an uncursed osaku Gems l - an uncursed worthless piece of black glass p - an uncursed amber stone N - an uncursed worthless piece of green glass T - an uncursed topaz stone U - an uncursed worthless piece of yellow glass Z - 2 uncursed worthless pieces of yellowish brown glass Spells and supernatural/magical abilities: Name Level Category Fail Memory W - pray for help -- divine ? -- Your skills at the end: Fighting Skills martial arts [Basic] Weapon Skills short sword [Basic] long sword [Skilled] bow [Basic] Spellcasting Skills Final Attributes: You were piously aligned. You were telepathic. You were fast. You are dead. Vanquished creatures: a large mimic a giant beetle a quivering blob 4 wolves an iron piercer a giant spider 2 gnome kings a dwarf lord a raven a mountain nymph a pony 11 gnome lords 6 gnomish wizards a giant ant a little dog a floating eye 3 dwarves a kobold lord a kobold shaman 6 hill orcs a giant bat a wererat 2 hobgoblins a red mold 36 gnomes 8 jackals 2 foxes 2 goblins 4 grid bugs 4 lichens 2 newts 109 creatures vanquished. Voluntary challenges: You had been an atheist until turn 1849. You used a wielded weapon 169 times, starting on turn 9. You were illiterate. You never genocided any monsters. You never polymorphed an object. You never changed form. You used no wishes. You never split a pudding. You never wrote Elbereth's name. You never violated your personal moral code. Dungeon overview: The Dungeons of Doom: levels 1 to 3 Level 1 a fountain a long staircase Level 2 a potion shop Level 3 a general store, a fountain, a sink stairs to The Gnomish Mines The Gnomish Mines: levels 4 to 9 Level 4 stairs to The Dungeons of Doom Level 5 Level 6 many shops, a temple to Susanowo, some fountains Level 7 Level 8 Level 9 <- You were here History has recorded: On T:1 you entered the Dungeons of Doom to retrieve the Amulet of Yendor! On T:151 you reached level 2 of The Dungeons of Doom. On T:228 you advanced to experience level 2. On T:431 you reached level 3 of The Dungeons of Doom. On T:612 you reached level 1 of The Gnomish Mines. On T:992 you advanced to experience level 3. On T:1003 you advanced to experience level 4. On T:1132 you reached level 2 of The Gnomish Mines. On T:1293 you advanced to experience level 5. On T:1353 you reached level 3 of The Gnomish Mines. On T:1761 you advanced to experience level 6. On T:2375 you reached level 4 of The Gnomish Mines. On T:2496 you advanced to experience level 7. On T:3286 you reached level 5 of The Gnomish Mines. On T:3396 you reached level 6 of The Gnomish Mines. Score breakdown: Gold: 437 ( 8985 points) Experience: 7 levels (13645 points) Exploration: 9 levels ( 18.75%) (12377 points) Discoveries: 9 items ( 3.66%) ( 5738 points) Valuables value: (no points given unless you survive) Artifact value: 0 ( 0 points) Variety of kills: 31 monsters ( 8.14%) ( 8557 points) Turncount: 3517 turns ( -834 points) Survival: died (score multiplied by 80%) Total score: 38774 Latest messages: The gnome picks up 4 daggers. You kill the gnome! You have a little trouble lifting s - a wand of digging. There are a few more objects here. There are a few objects here. (2x) Your movements are now unencumbered. Please move the cursor to an unknown object. Never mind. The incubus hits! (2x) You miss the incubus. The incubus hits! (2x) You miss the incubus. The incubus hits! (2x) You die... Final status: Sayonara Minoru the Samurai, killed by an incubus... You died in The Gnomish Mines on dungeon level 9 with 38774 points, and 437 pieces of gold, after 3517 moves. You were level 7 with a maximum of 71 hit points when you died.